AoeStats
← Moonka

Lombardia

508965539Analyzed
4v4 RM · 6d ago on Sep 24, 2026· 66m 27s· 8 players
Game mode
Random Map
Map size
Large (8 player)
Population
200
Speed
Normal
Resources
Standard
Victory
Conquest
Starting age
Dark Age
Ending age
Imperial Age
RankedLock teamsTeams togetherTeam positionsShared explorationLock speedFull tech treeHidden civsTurbo modeCheats
Victory
Defeat
🇩🇪 Saxons · Germany
1420
+14
🇷🇺 Danes · Russia
1377
+16
🇺🇦 Spanish · Ukraine
1371
+16
🇸🇪 Malay · Sweden
1340
+17
🇹🇼 Goths · Taiwan
1396
-17
🇨🇦 Poles · Canada
1385
-16
🇨🇳 Varangians · China
1351
-15
🇦🇷 Bohemians · Argentina
1343
-15
Skyle
7:06 Loom
10:20 Feudal Age
14:54 Castle Age
13:03 Horse Collar
13:57 Double-Bit Axe
15:54 Heavy Plow
16:52 Bow Saw
23:13 Wheelbarrow
23:34 Padded Archer Armor
24:43 Bloodlines
25:41 Hand Cart
25:11 Town Watch
26:14 Leather Archer Armor
25:54 Gold Mining
26:43 Town Watch
28:06 Husbandry
28:21 Town Patrol
36:06 Imperial Age
38:15 Two-Man Saw
39:18 Ring Archer Armor
39:55 Elite Conquistador
40:56 Conscription
42:00 Caravan
44:15 Light Cavalry
45:07 Forging
45:02 Scale Barding Armor
45:49 Hussar
47:05 Iron Casting
47:27 Chain Barding Armor
48:58 Blast Furnace
53:01 Chemistry
52:21 Ballistics
52:12 Fortified Wall
51:57 Murder Holes
56:23 Fletching
57:09 Plate Barding Armor
58:31 Coinage
DaKrankVieh
4:56 Loom
9:32 Feudal Age
9:53 Man-at-Arms
12:52 Arson
21:59 Forging
23:33 Scale Mail Armor
26:25 Castle Age
26:26 Double-Bit Axe
26:31 Pikeman
27:58 Bow Saw
27:21 Long Swordsman
28:03 Squires
32:19 Wheelbarrow
33:02 Gambesons
33:54 Gold Mining
35:09 Chain Mail Armor
35:23 Hand Cart
38:02 Caravan
38:52 Gold Shaft Mining
42:30 Imperial Age
41:01 Stone Mining
43:40 Iron Casting
43:25 Fortified Wall
43:27 Masonry
43:18 Halberdier
46:08 Plate Mail Armor
45:44 Shield Wall
46:45 Conscription
46:59 Ballistics
47:08 Elite Varangian Guard
47:50 Two-Handed Swordsman
49:43 Fletching
50:10 Guard Tower
50:05 Arrowslits
51:21 Chemistry
51:15 Treadmill Crane
52:10 Horse Collar
52:20 Town Watch
52:10 Champion
53:49 Bodkin Arrow
56:30 Keep
56:26 Architecture
55:52 Murder Holes
56:04 Siege Engineers
58:10 Bracer
Jardel
8:10 Loom
10:28 Feudal Age
11:27 Double-Bit Axe
18:13 Horse Collar
21:04 Castle Age
19:51 Fletching
20:26 Crossbowman
22:10 Bow Saw
22:13 Bodkin Arrow
24:14 Heavy Plow
31:50 Husbandry
31:56 Scale Barding Armor
34:25 Imperial Age
32:32 Wheelbarrow
32:26 Town Watch
34:06 Elite Battle Elephant
35:44 Conscription
36:03 Forging
37:49 Iron Casting
43:31 Gold Mining
44:46 Blast Furnace
52:47 Caravan
52:53 Light Cavalry
56:49 Chemistry
58:52 Hand Cart
59:40 Masonry
59:12 Treadmill Crane
Moonka
10:46 Feudal Age
11:06 Feudal Age
12:19 Loom
15:22 Castle Age
13:55 Double-Bit Axe
13:52 Horse Collar
16:13 Bow Saw
16:04 Heavy Plow
22:23 Wheelbarrow
22:57 Stone Mining
22:58 Gold Mining
23:56 Hand Cart
25:00 Stone Shaft Mining
26:20 Gold Shaft Mining
26:12 Town Watch
30:16 Imperial Age
27:49 Scale Mail Armor
27:59 Forging
28:05 Gambesons
28:22 Squires
28:07 Arson
27:55 Hamask
29:23 Fervor
29:50 Chain Mail Armor
30:10 Iron Casting
29:30 Gambesons
31:31 Plate Mail Armor
30:27 Elite Varangian Guard
32:02 Conscription
34:01 Northmen's Fury
35:35 Hoardings
34:21 Northmen's Fury
35:24 Onager
38:25 Coinage
37:55 Caravan
37:39 Capped Ram
37:44 Heavy Scorpion
38:01 Northmen's Fury
39:02 Siege Engineers
39:18 Ballistics
39:58 Chemistry
39:48 Fervor
39:41 Elite Jomsviking
39:45 Siege Onager
40:56 Masonry
40:32 Arrowslits
40:38 Fletching
41:50 Blast Furnace
42:29 Siege Ram
44:59 Fletching
44:56 Arrowslits
45:06 Murder Holes
45:02 Guard Tower
48:35 Bodkin Arrow
49:54 Keep
49:20 Bracer
54:57 Banking
56:13 Padded Archer Armor
61:28 Man-at-Arms
62:46 Town Patrol
Corsica
11:44 Feudal Age
13:13 Loom
15:56 Castle Age
14:19 Double-Bit Axe
15:08 Bloodlines
15:00 Gold Mining
15:18 Horse Collar
23:15 Heavy Plow
24:11 Fletching
25:03 Stone Mining
26:16 Scale Mail Armor
27:00 Wheelbarrow
26:40 Husbandry
26:53 Forging
27:07 Caravan
27:58 Bow Saw
29:06 Chain Mail Armor
29:28 Iron Casting
29:47 Szlachta Privileges
31:05 Scale Barding Armor
35:28 Imperial Age
34:23 Squires
34:09 Arson
34:46 Chain Barding Armor
35:12 Light Cavalry
36:26 Hand Cart
36:59 Stone Shaft Mining
36:59 Conscription
36:25 Winged Hussar
37:17 Elite Obuch
38:55 Crop Rotation
40:07 Plate Mail Armor
40:37 Blast Furnace
39:50 Pikeman
41:08 Man-at-Arms
41:26 Cavalier
48:24 Bodkin Arrow
48:53 Ballistics
48:44 Masonry
49:08 Block Printing
49:33 Theocracy
49:39 Theocracy
52:07 Long Swordsman
55:28 Redemption
58:11 Lechitic Legacy
63:36 Town Watch
洞腰腰
11:17 Feudal Age
11:47 Double-Bit Axe
11:54 Horse Collar
16:31 Castle Age
18:09 Bow Saw
18:40 Wheelbarrow
23:30 Fletching
26:20 Gold Mining
26:24 Stone Mining
27:00 Heavy Plow
30:21 Imperial Age
28:54 Anarchy
29:26 Squires
29:05 Man-at-Arms
30:16 Scale Mail Armor
30:26 Forging
30:28 Elite Huskarl
31:29 Conscription
31:28 Chain Mail Armor
32:42 Iron Casting
33:03 Perfusion
36:53 Long Swordsman
38:49 Coinage
38:31 Pikeman
40:13 Banking
39:43 Caravan
39:12 Halberdier
39:48 Heavy Scorpion
41:38 Two-Man Saw
43:02 Blast Furnace
41:59 Bodkin Arrow
45:11 Town Watch
45:11 Loom
49:42 Chemistry
62:12 Capped Ram
默默发育
11:01 Feudal Age
14:57 Horse Collar
15:04 Double-Bit Axe
19:24 Castle Age
22:53 Wheelbarrow
26:23 Loom
32:21 Hand Cart
33:29 Gold Mining
33:42 Heavy Plow
34:00 Bow Saw
34:43 Forging
34:39 Scale Barding Armor
38:49 Imperial Age
37:25 Husbandry
36:47 Vendel Legacy
37:32 Stone Mining
38:37 Iron Casting
38:23 Chain Barding Armor
38:34 Bloodlines
39:17 Cavalier
41:53 Blast Furnace
41:29 Plate Barding Armor
44:23 Coinage
46:35 Banking
47:10 Conscription
49:32 Light Cavalry
51:00 Hussar
51:23 Elite Skirmisher
52:00 Fletching
52:11 Padded Archer Armor
56:17 Bodkin Arrow
56:38 Leather Archer Armor
57:08 Elite Jarl
59:43 Town Watch
60:33 Bracer
61:03 Ring Archer Armor
santy
11:08 Feudal Age
9:29 Loom
9:37 Loom
15:42 Castle Age
14:41 Double-Bit Axe
14:37 Horse Collar
18:55 Fervor
24:44 Wheelbarrow
27:43 Imperial Age
26:17 Bow Saw
26:29 Fletching
26:40 Padded Archer Armor
26:40 Scale Mail Armor
26:51 Forging
26:16 Pikeman
28:29 Chemistry
27:57 Ballistics
27:13 Crossbowman
27:16 Elite Skirmisher
28:34 Bodkin Arrow
30:22 Bracer
31:38 Conscription
32:28 Two-Man Saw
31:43 Heavy Plow
32:11 Leather Archer Armor
31:59 Town Watch
32:17 Houfnice
33:57 Ring Archer Armor
35:35 Hussite Reforms
35:38 Wagenburg Tactics
36:08 Forging
38:48 Halberdier
39:31 Squires
42:48 Sanctity
Connection lost

Rejoining the realm…

Still unreachable

The connection could not be restored.

Session expired

The server has moved on; the page needs a fresh start.